 Dungeon Crawl Stone Soup version 0.30-b1-2-g02819fbbbe (webtiles) character file.

Game seed: 2956953976965448865

58 Alarkh the Shooter (level 3, 27/27 HPs)
             Began as a Demonspawn Hunter on May 23, 2023.
             Got out of the dungeon alive.
             The game lasted 00:01:26 (1197 turns).

Alarkh the Shooter (Demonspawn Hunter)              Turns: 1197, Time: 00:01:27

Health: 27/27      AC:  4    Str: 11    XL:     3   Next: 76%
Magic:  3/3        EV: 11    Int: 12    God:
Gold:   72         SH:  0    Dex: 16    Spells: 2/2 levels left

rFire   . . .        a - +0 shortbow
rCold   . . .        (shield currently unavailable)
rNeg    . . .        c - +0 leather armour
rPois   .            f - +0 helmet
rElec   .            (no cloak)
rCorr   .            (no gloves)
SInv    .            (no boots)
Will    .....        (no amulet)
Stlth   +            (no ring)
HPRegen 0.24/turn    (no ring)
MPRegen 0.16/turn

%: no passive effects
@: no status effects
A: claws 1, magic regeneration
a: no special abilities


You escaped.
You visited 1 branch of the dungeon, and saw 2 of its levels.

You collected 72 gold pieces.

Inventory:

Hand Weapons
 a - a +0 shortbow (weapon)
Armour
 c - a +0 leather armour (worn)
 f - a +0 helmet (worn)
Magical Staves
 d - a staff of cold
 g - a staff of poison
Jewellery
 l - a ring of ice
Wands
 n - a wand of quicksilver (9)
Scrolls
 b - a scroll of immolation
Potions
 e - 2 potions of mutation {unknown}
 h - a potion of heal wounds {unknown}
 i - a potion of haste {unknown}
 j - 2 potions of magic {unknown}
 k - a potion of attraction {unknown}
 m - a potion of brilliance {unknown}


   Skills:
 - Level 2.0 Fighting
 + Level 4.5 Ranged Weapons
 - Level 1.7 Dodging
 - Level 0.8 Stealth
 + Level 1.6 Unarmed Combat


You had 2 spell levels left.
You didn't know any spells.
Your spell library contained the following spells:

 Spells                   Type           Power      Damage    Failure   Level
 Blink                    Tloc           0%         N/A       54%         2
 Manifold Assault         Tloc           0%         N/A       99%         4
 Storm Form               Tmut/Air       0%         N/A       100%        7


Dungeon Overview and Level Annotations

Branches:
Dungeon (2/15)

Altars:

Shops:
D:2 *


Innate Abilities, Weirdness & Mutations

You have sharp fingernails.
You regenerate magic rapidly.


Message History

There is a stone staircase leading up here.
There is a stone staircase leading up here.
Found a battleaxe.
You see here a +0 battleaxe.
Found a stone staircase leading up.
There is a stone staircase leading up here.
There is a dry fountain here.
You see here 6 boomerangs.
Jessica the Apprentice Sorceress comes into view.
She is wielding a +0 dagger and carrying a wand of quicksilver (9).
Jessica gestures wildly.
Jessica gestures wildly while chanting.
Jessica blinks!
Jessica is nearby!
You shoot an arrow. The arrow hits Jessica!
Jessica is almost dead.
Jessica mumbles some strange words.
Jessica blinks!
You shoot an arrow. The arrow hits Jessica!
You kill Jessica!
n - a wand of quicksilver (9)
Things that are here:
a +0 dagger; a +0 robe; the human corpse of Jessica
Found a stone staircase leading down.
You now have 72 gold pieces (gained 6).
There is a stone staircase leading down here.
You see here a +0 dagger.
Done exploring.
Done exploring.
Done exploring.
Done exploring.
There is a stone staircase leading up here.
You climb upwards.
There is a stone staircase leading down here.
There is an open door here.
You open the door.
There is an open door here.
There is an open door here.
There is a staircase leading out of the dungeon here.
Are you sure you want to leave the Dungeon?
This will make you lose the game!
You have escaped!

####.....#...#.....#.........####
##.#..>..+...'.....#....####....#
#..#.....##.##.....#....#######.#
..####'####.####'######....## #.#
........##...##..........#..###..
........##...##......##..........
.>####'####.###+#######.......##.
.###.....##.##.....# #.####..(..
.# #.....'...'..@..# #.# ####..
## #.....#...#.....# #.# #.# #
#######...####### #.# ##.. # #.#
##.## #.# #... # #.# ##.# #.#
#.#. # #.# #..# #.######.#.
####.#####.###### #.##.....##
................## ###.#..######
#....###.........# #............


There were no monsters in sight!

Vanquished Creatures
  Jessica (D:2)
  An adder (D:2)
  A ball python (D:1)
  3 endoplasms
  2 giant cockroaches (D:1)
  A hobgoblin (D:1)
  7 jackals (D:1)
  A quokka (D:1)
  2 bats
  2 rats
21 creatures vanquished.

Notes
Turn   | Place    | Note
-------+----------+-------------------------------------------
     0 | D:1      | Alarkh the Demonspawn Hunter began the quest for the Orb.
     0 | D:1      | Reached XP level 1. HP: 16/16 MP: 1/1
   189 | D:1      | Reached skill level 4 in Ranged Weapons
   191 | D:1      | Gained mutation: You have sharp fingernails. [demonic
                  | ancestry]
   191 | D:1      | Reached XP level 2. HP: 22/22 MP: 2/2
   688 | D:2      | Found Dourohen's Assorted Antiques.
   734 | D:2      | Found a faded altar of an unknown god.
   759 | D:2      | Reached skill level 1 in Unarmed Combat
   759 | D:2      | Gained mutation: You regenerate magic rapidly. [demonic
                  | ancestry]
   759 | D:2      | Reached XP level 3. HP: 21/27 MP: 3/3
  1102 | D:2      | Noticed Jessica
  1104 | D:2      | Killed Jessica
  1197 | D:$      | Got out of the dungeon alive.

Illustrated notes

Levels and vault maps discovered:
D:1:      dpeg_arrival_houses_and_road, layout_rooms, minivault_5
D:2:      layout_loops_ring, serial_shops, nicolae_shop_crystal,
          ebering_ecumenical_altar_hall, uniq_jessica

Skill      XL: |  1  2 |
---------------+-------+-----
Ranged Weapons | 4 |  4.5
Unarmed Combat | 1 |  1.6
Fighting       | |  2.0
Dodging        | |  1.7
Stealth        | |  0.8

Action                     || total
---------------------------++-------
   Fire: Shortbow          ||    49
 Armour: Leather armour    ||     6
  Dodge: Dodged            ||     6
